 Dungeon Crawl Stone Soup version 0.29.0-4-gdea44cf6ec (webtiles) character file.

Game seed: 10167490075029736882

2 qw the Sneak (level 1, -5/14 HPs)
             Began as a Gargoyle Delver on Sept 10, 2022.
             Slain by a kobold brigand
             ... wielding a +0 short sword
              (6 damage)
             ... on level 5 of the Dungeon.
             The game lasted 00:00:02 (75 turns).

qw the Sneak (Gargoyle Delver)                        Turns: 75, Time: 00:00:03

Health: -5/14      AC:  5    Str: 15    XL:     1   Next: 40%
Magic:  1/1        EV: 11    Int: 10    God:
Gold:   0          SH:  0    Dex: 11    Spells: 0/0 levels left

rFire   . . .      SeeInvis .   a - +0 hand axe
rCold   . . .      Faith    .   (no shield)
rNeg    + . .      Spirit   .   b - +0 leather armour
rPois   inf        Reflect  .   (no helmet)
rElec   +          Harm     .   (no cloak)
rCorr   .          Rampage  .   (no gloves)
Will    .....                   (no boots)
Stlth   +++.......              (no amulet)
HPRegen 0.04/turn               (no ring)
MPRegen 0.07/turn               (no ring)

@: no status effects
A: sickness immunity, AC +2, negative energy resistance 1, electricity
resistance, torment resistance 1, petrification resistance
a: no special abilities


You were on level 5 of the Dungeon.
You visited 1 branch of the dungeon, and saw 1 of its levels.


Innate Abilities, Weirdness & Mutations

You are immune to sickness and miasma.
Your stone body is resilient. (AC +2)
You are immune to poison.
You resist negative energy. (rN+)
You are resistant to electric shocks. (rElec)
You are resistant to unholy torment.
You are immune to petrification.


   Skills:
 - Level 3.2 Fighting
 + Level 2.0 Axes
 - Level 1.5 Dodging
 - Level 5.4 Stealth


You couldn't memorise any spells.
You didn't know any spells.
Your spell library was empty.

Inventory:

Hand Weapons
 a - a +0 hand axe (weapon)
Missiles
 h - 3 boomerangs (quivered)
Armour
 b - a +0 leather armour (worn)
Wands
 g - a wand of digging (3)
Scrolls
 c - a scroll of fog
 d - a scroll of magic mapping
 e - a scroll of fear
Potions
 f - a potion of haste

Dungeon Overview and Level Annotations

Branches:
Dungeon (5/15)
 Temple: D:4-7

Altars:


Message History

You throw a boomerang. The boomerang hits the kobold.
You kill the kobold!
A kobold comes into view. It is wielding a +0 short sword.
Your Axes skill increases to level 2!
65 ||| Stepping ~*~*~tactically~*~*~ (stealth).
You hit the kobold.
You kill the kobold!
68 ||| Stepping ~*~*~tactically~*~*~ (stealth).
A kobold comes into view. It is wielding a +0 club.
70 ||| Stepping ~*~*~tactically~*~*~ (stealth).
The kobold shouts!
You hear a shout!
You hear a bark!
A kobold brigand comes into view.
It is wielding a +0 short sword and quivering curare-tipped darts.
You hit the kobold brigand but do no damage.
The kobold brigand misses you.
You hit the kobold brigand.
The kobold brigand is lightly wounded.
You hit the kobold but do no damage.
The kobold hits you with a +0 short sword.
The kobold brigand closely misses you.
You hit the kobold brigand but do no damage.
The kobold brigand is lightly wounded.
You hit the kobold. The kobold hits you but does no damage.
The kobold brigand hits you with a +0 short sword.
You closely miss the kobold.
The kobold is moderately wounded.
You closely miss the kobold brigand.
A hound comes into view.
The kobold hits you but does no damage.
The kobold brigand hits you with a +0 short sword!
Ouch! That really hurt!
You hit the kobold.
You kill the kobold!
You hit the kobold.
You hit the kobold brigand but do no damage.
The kobold barely misses you.
The kobold brigand hits you with a +0 short sword.
The kobold hits you with a +0 short sword.
The kobold brigand hits you with a +0 short sword.
You die...

..####
#.#.###.#
.....# #.#.
#.# ..##.#
#.#.# #.# ..#
# #.... #.#
#..... ###..
#.# ####..
#..##.# .#
#####...#.# .
......#K#.####
#
.......)@....#
.
#####..##K##.#
# #.. .h# #
.... .##
####... #..K
#... #K


You could see a kobold brigand, a hound and a kobold.

Vanquished Creatures
  A quokka (D:5)
  3 kobolds (D:5)
4 creatures vanquished.

Notes
Turn   | Place    | Note
-------+----------+-------------------------------------------
     0 | D:5      | qw the Gargoyle Delver began the quest for the Orb.
     0 | D:5      | Reached XP level 1. HP: 14/14 MP: 1/1
     0 | D:5      | 0 ||| qw: Version: 0.1-a-117-gfe26ee0
     0 | D:5      | 0 ||| qw: Game counter: 9694
     0 | D:5      | 0 ||| qw: Always use a shield: true
     0 | D:5      | 0 ||| qw: God list: Okawaru
     0 | D:5      | 0 ||| qw: Allow faded altars: false
     0 | D:5      | 0 ||| qw: Do Orc after D:15 true
     0 | D:5      | 0 ||| qw: Do second Lair branch before Depths: true
     0 | D:5      | 0 ||| qw: Lair rune preference: random
     0 | D:5      | 0 ||| qw: Plans: Normal
     0 | D:5      | 0 ||| PLANNING D:1-11
    62 | D:5      | 62 ||| Stepping ~*~*~tactically~*~*~ (stealth).
    65 | D:5      | 65 ||| Stepping ~*~*~tactically~*~*~ (stealth).
    68 | D:5      | 68 ||| Stepping ~*~*~tactically~*~*~ (stealth).
    70 | D:5      | 70 ||| Stepping ~*~*~tactically~*~*~ (stealth).
    70 | D:5      | Noticed a kobold brigand
    74 | D:5      | Noticed a hound
    75 | D:5      | HP: 1/14 [kobold/+0 short sword (3)]
    75 | D:5      | Slain by a kobold brigand

Levels and vault maps discovered:
D:5:      layout_loops_ring, serial_shops, shop, minmay_manual_mullet

Skill      XL: |  1 |
---------------+----+-----
Axes           | 2 |  2.0
Fighting       | |  3.2
Dodging        | |  1.5
Stealth        | |  5.4

Action                   || total
-------------------------++-------
Melee: Hand axe          ||     9
       Punch             ||     1
Throw: Boomerang         ||     1
Armor: Leather armour    ||     4
Dodge: Dodged            ||     6

Table legend:
 A = Non-vault XP
 B = Vault XP
 C = Vault XP percentage of total XP
 D = Non-vault monster count
 E = Vault monster count
 F = Vault count percentage of total count
                 A         B        C        D         E       F
            +---------+---------+-------+---------+---------+-------
      Total |       6 |       0 |   0.0 |       4 |       0 |   0.0
            +---------+---------+-------+---------+---------+-------
        D:5 |       6 |       0 |   0.0 |       4 |       0 |   0.0
            +---------+---------+-------+---------+---------+-------
